 Dungeon Crawl Stone Soup version 0.28.0 (webtiles) character file.

Game seed: 10829440103924537376

7337 issech the Basher (level 10, -2/90 HPs)
             Began as a Troll Monk on Feb 19, 2022.
             Was a Priest of Hepliaklqana.
             Killed from afar by an electric eel (14 damage)
             ... with a bolt of electricity
             ... on level 10 of the Dungeon.
             The game lasted 00:45:35 (9046 turns).

issech the Basher (Troll Monk)                      Turns: 9046, Time: 00:45:36

Health: -2/90      AC: 11    Str: 25    XL:     10   Next: 90%
Magic:  9/9        EV: 13    Int:  6    God:    Hepliaklqana [***...]
Gold:   342        SH:  0    Dex: 16    Spells: 9/9 levels left

rFire   . . .      SeeInvis .   D - +1 giant spiked club (spect)
rCold   + . .      Faith    .   (shield currently unavailable)
rNeg    + . .      Spirit   .   G - +1 steam dragon scales
rPois   .          Reflect  .   (helmet restricted)
rElec   .          Harm     .   C - +0 cloak
rCorr   .          Rampage  .   (gloves unavailable)
Will    .....                   (boots unavailable)
Stlth   +++.......              x - amulet of Nif Ytro {RegenMP Str+4 Slay+2 Stlth+}
HPRegen 1.05/turn               p - ring of positive energy
MPRegen 0.51/turn               b - ring of protection from cold

@: no status effects
A: reduced essence, large, unfitting armour, claws 3, regeneration 1, shaggy fur
1, tough skin 1, iridescent scales 1
a: Renounce Religion, Recall Ancestor, Ancestor Identity, Transference


You were on level 10 of the Dungeon.
You worshipped Hepliaklqana.
Hepliaklqana was most pleased with you.
You visited 2 branches of the dungeon, and saw 11 of its levels.

You collected 498 gold pieces.
You spent 156 gold pieces at shops.

Inventory:

Hand Weapons
 j - a +3 dagger of distortion
 k - a +4 quarterstaff of chaos
 l - a +0 demon trident
 D - a +1 spectral giant spiked club (weapon)
 F - a +1 short sword of electrocution
 I - a +1 flail of holy wrath
 L - a +0 flail of venom
 M - a +6 hand axe of freezing
 N - a +1 vorpal spear
 P - a +5 war axe
 S - a +2 dagger of chaos
Missiles
 d - 216 stones (quivered)
 o - 8 boomerangs
 q - 21 poisoned darts
 s - 64 bolts
 v - 109 arrows
 y - 73 sling bullets
 A - a boomerang of dispersal
 H - 3 throwing nets
Armour
 C - a +0 cloak (worn)
 G - +1 steam dragon scales (worn)
 O - a +2 robe of positive energy
Jewellery
 b - a ring of protection from cold (right claw)
 i - an amulet of magic regeneration
 p - a ring of positive energy (left claw)
 x - the amulet of Nif Ytro (around neck) {RegenMP Str+4 Slay+2 Stlth+}
   (You found it on level 4 of the Dungeon)

   [amulet of magic regeneration]

   It increases your rate of magic regeneration.
   Str:       It affects your strength (+4).
   Slay:      It affects your accuracy & damage with ranged weapons and melee
   (+2).
   Stlth:     It makes you more stealthy.
Wands
 E - a wand of polymorph (5)
 Q - a wand of flame (32)
 T - a wand of acid (3)
Scrolls
 h - a scroll of teleportation
 m - a scroll of immolation
 n - a scroll of fog
 u - a scroll of vulnerability
 w - 2 scrolls of fear
 z - 2 scrolls of magic mapping
Potions
 a - a potion of invisibility {unknown}
 c - 5 potions of might
 e - a potion of brilliance {unknown}
 f - a potion of lignification {unknown}
 g - 4 potions of curing {unknown}
 r - a potion of attraction {unknown}
 t - 3 potions of heal wounds {unknown}
 B - a potion of haste {unknown}
 J - 2 potions of degeneration {unknown}
 K - 2 potions of magic {unknown}
 R - a potion of ambrosia


   Skills:
 + Level 6.8 Fighting
 + Level 11.3 Maces & Flails
 + Level 0.5 Polearms
 + Level 1.0 Throwing
 + Level 6.5 Dodging
 + Level 3.4 Stealth


You had 9 spell levels left.
You didn't know any spells.
Your spell library contained the following spells:

 Spells                   Type           Power      Damage    Failure   Level
 Magic Dart               Conj           0%         1d3       45%         1
 Pain                     Necr           0%         1d4       45%         1
 Sandblast                Erth           0%         2d4       45%         1
 Corpse Rot               Necr/Air       0%         N/A       58%         2
 Poisonous Vapours        Pois/Air       0%         N/A       58%         2


Dungeon Overview and Level Annotations

Branches:
Dungeon (10/15)            Temple (1/1) D:6
   Lair: D:8-11         Orc: D:9-12

Altars:
Ashenzari
Cheibriados
Dithmenos
Elyvilon
Fedhas
Gozag
Hepliaklqana
Kikubaaqudgha
Makhleb
Nemelex Xobeh
Okawaru
Qazlal
Ru
Sif Muna
Uskayaw
Wu Jian
Xom
Yredelemnul
Zin
The Shining One

Shops:
D:8 !

Annotations:
D:8 5 runed translucent doors, Ekaitz's ghost, novice DsFE


Innate Abilities, Weirdness & Mutations

Your life essence is reduced to manifest your ancestor. (-10% HP)
You are too large for most types of armour.
You have claws for hands.
Your natural rate of healing is unusually fast.
You are covered in fur. (AC +1)
You have tough skin. (AC +1)
You are partially covered in iridescent scales. (AC +2)


Message History

The wolf howls!
The troll bites you but does no damage. The troll barely misses you.
The troll closely misses you.
The electric eel shoots out a bolt of lightning at you!
The bolt of electricity hits the electric eel.
The electric eel completely resists.
The bolt of electricity hits you!
You closely miss the troll.
Your +1 spectral giant spiked club hits the troll!
The electric eel shoots out a bolt of lightning at you!
The bolt of electricity misses your +1 spectral giant spiked club.
The bolt of electricity hits you! The troll barely misses you.
The troll claws you. The troll claws you!
A komodo dragon comes into view.
The troll bites you. The troll closely misses you. The troll barely misses you.
The electric eel shoots out a bolt of lightning at you!
The bolt of electricity hits you! x2
The electric eel shoots out a bolt of lightning at you!
The bolt of electricity hits you!
* * * LOW HITPOINT WARNING * * *
The bolt of electricity hits you!
* * * LOW HITPOINT WARNING * * *
The wolf bites you.
* * * LOW HITPOINT WARNING * * *
Octavius casts a spell at the troll.
The stone arrow hits the wolf!!
The wolf dies!
You see here a wolf corpse.
You swap places.
The troll closely misses Octavius.
The troll completely misses Octavius.
The troll claws Octavius!
Octavius hits the troll with a +0 quarterstaff!!
You swap places.
The troll barely misses you. The troll closely misses you. x2
You see here a wolf corpse.
You swap places.
The troll bites Octavius!
The troll claws Octavius!
Octavius is destroyed!
The electric eel shoots out a bolt of lightning at you!
The bolt of electricity hits you.
* * * LOW HITPOINT WARNING * * *
The electric eel shoots out a bolt of lightning at you!
The bolt of electricity hits you!
You die...

.....#.≈≈≈.≈ ..
#...#..≈≈≈. ....##
#.....≈S≈≈. ......
#.....≈≈≈ ...##.#
#.#...≈≈≈≈≈≈≈
.......###l#..≈≈≈≈.≈≈≈
#.#.>...##T#.S..≈.≈≈≈≈
#.....<..#...≈..≈.≈.≈.
#....>...@#.......≈.
.........##.......
.........##.###†#.
.#........†....†#
......##.##.#####
#..### #.##..# #.
..###.# # #### #.# #.#


You could see a komodo dragon, a troll and an electric eel.

Vanquished Creatures
  Grinder (D:3)
  A wraith (D:10)
  A wyvern (D:8)
  2 steam dragons
  5 vampire mosquitoes (D:9)
  Grum (D:9)
  2 water moccasins
  An orc warrior (D:5)
  Duvessa (D:5)
  A sky beast (D:5)
  A black bear (D:5)
  An ogre (D:5)
  2 necrophages
  3 wolves
  A kobold brigand (D:6)
  A bullfrog (D:9)
  A wyvern zombie (D:6)
  A scorpion (D:4)
  A gnoll sergeant (D:9)
  A water moccasin skeleton (D:6)
  Dowan (D:5)
  16 killer bees
  A vampire bat (D:9)
  2 wights (D:7)
  6 howler monkeys
  A crimson imp (D:9)
  2 centaur zombies (D:9)
  2 centaur skeletons
  2 hounds
  A jelly (D:8)
  A bullfrog skeleton (D:5)
  4 gnoll shamans
  3 iguanas
  2 orc wizards
  Crazy Yiuf (D:5)
  Terence (D:2)
  A howler monkey zombie (D:6)
  25 gnolls
  6 adders
  10 river rats (D:8)
  A shadow imp (D:6)
  A white imp (D:4)
  2 ufetubi
  3 worms
  A dart slug (D:2)
  18 orcs
  3 ball pythons
  9 bats
  4 endoplasms
  7 goblins
  4 hobgoblins
  8 kobolds
  5 quokkas
  2 frilled lizards
  6 rats
191 creatures vanquished.

Vanquished Creatures (collateral kills)
  The ghost of Fractals the Firebug, a novice HOFE of Gozag (D:6)
  Psyche (D:8)
  A hornet (D:8)
  2 vampire mosquitoes (D:9)
  An orc warrior (D:7)
  A wolf (D:10)
  A gnoll sergeant (D:9)
  9 killer bees
  2 howler monkeys (D:7)
  2 wights (D:7)
  2 crimson imps (D:9)
  2 hounds (D:10)
  An orc priest (D:8)
  A centaur skeleton (D:7)
  A gnoll shaman (D:8)
  2 orc wizards
  4 gnolls
  A river rat (D:8)
  2 orcs (D:8)
  2 quokkas (D:8)
  2 bats (D:9)
  4 rats (D:8)
45 creatures vanquished.

Vanquished Creatures (others)
  2 battlemagi
  2 rats (D:8)
  2 fungi (D:5)
  4 plants
10 creatures vanquished.

Grand Total: 246 creatures vanquished

Notes
Turn   | Place    | Note
-------+----------+-------------------------------------------
     0 | D:1      | issech the Troll Monk began the quest for the Orb.
     0 | D:1      | Reached XP level 1. HP: 22/22 MP: 0/0
    68 | D:1      | Found a faded altar of an unknown god.
   180 | D:1      | Reached XP level 2. HP: 29/29 MP: 1/1
   317 | D:1      | Reached skill level 3 in Maces & Flails
   777 | D:2      | Reached XP level 3. HP: 35/36 MP: 2/2
   847 | D:2      | Noticed Terence
   859 | D:2      | Killed Terence
   920 | D:2      | Found a basalt altar of Yredelemnul.
  1765 | D:3      | Reached XP level 4. HP: 42/45 MP: 3/3
  2331 | D:3      | Noticed Grinder
  2332 | D:3      | Paralysed by Grinder for 7 turns
  2467 | D:3      | Paralysed by Grinder for 5 turns
  2474 | D:3      | Killed Grinder
  2475 | D:3      | Reached skill level 4 in Maces & Flails
  2475 | D:3      | Reached XP level 5. HP: 19/53 MP: 4/4
  2475 | D:3      | Reached XP level 6. HP: 22/61 MP: 5/5
  2804 | D:4      | Identified the amulet of Nif Ytro {RegenMP Str+4 Slay+2
                  | Stlth+}
  3442 | D:5      | Entered Level 5 of the Dungeon
  3461 | D:4      | Reached skill level 5 in Maces & Flails
  3483 | D:4      | Reached XP level 7. HP: 56/67 MP: 6/6
  3537 | D:5      | Found a broken altar of Ashenzari.
  3538 | D:5      | Found a basalt altar of Yredelemnul.
  3538 | D:5      | Found a sacrificial altar of Ru.
  3539 | D:5      | Found an opulent altar of Gozag.
  3634 | D:5      | Reached skill level 1 in Throwing
  3767 | D:5      | Reached skill level 6 in Maces & Flails
  3815 | D:5      | Noticed a steam dragon
  4049 | D:5      | Noticed Duvessa
  4050 | D:5      | Noticed Dowan
  4095 | D:5      | Killed Duvessa
  4096 | D:5      | Reached XP level 8. HP: 52/78 MP: 7/7
  4104 | D:5      | Killed Dowan
  4278 | D:5      | Found a runed translucent door.
  4279 | D:5      | Noticed Crazy Yiuf
  4286 | D:5      | Killed Crazy Yiuf
  4519 | D:5      | Reached skill level 7 in Maces & Flails
  4813 | D:6      | Reached skill level 5 in Dodging
  4834 | D:6      | Found a sparkling altar of Nemelex Xobeh.
  4870 | D:6      | Reached skill level 5 in Fighting
  5135 | D:6      | Reached XP level 9. HP: 85/88 MP: 8/8
  5177 | D:6      | Reached skill level 8 in Maces & Flails
  5275 | D:6      | Found a transporter.
  5285 | D:6      | Found a transporter.
  5287 | D:6      | Noticed Fractals's ghost (novice HOFE)
  5363 | D:6      | Found a staircase to the Ecumenical Temple.
  5376 | Temple   | Entered the Ecumenical Temple
  5404 | Temple   | Became a worshipper of Hepliaklqana the Forgotten
  5404 | Temple   | Reached * piety under Hepliaklqana
  5404 | Temple   | Reached ** piety under Hepliaklqana
  5405 | Temple   | Remembered your ancestor Octavius as a battlemage
  5490 | D:6      | Found an iron altar of Okawaru.
  6475 | D:8      | Found a large runed translucent door.
  6475 | D:8      | Found a large runed translucent door.
  6527 | D:8      | Found a runed translucent gate.
  6527 | D:8      | Found a runed translucent gate.
  6529 | D:8      | Found a runed translucent gate.
  6533 | D:8      | Noticed a nine-headed hydra
  6535 | D:8      | Noticed Ekaitz's ghost (novice DsFE)
  6537 | D:8      | Noticed a nine-headed hydra
  6542 | D:8      | Got An Introduction to Magic
  6615 | D:8      | Reached skill level 9 in Maces & Flails
  6826 | D:8      | Found Soty's Distillery.
  6833 | D:8      | Bought a potion of mutation for 104 gold pieces
  6833 | D:8      | Bought a potion of might for 52 gold pieces
  6836 | D:8      | Gained mutation: Your magical capacity is low. (-10% MP)
                  | [potion of mutation]
  6836 | D:8      | Gained mutation: You expend magic power (3 MP) to
                  | strengthen your wands. [potion of mutation]
  6837 | D:8      | Lost mutation: You expend magic power (3 MP) to strengthen
                  | your wands. [potion of mutation]
  6837 | D:8      | Lost mutation: Your magical capacity is low. (-10% MP)
                  | [potion of mutation]
  6837 | D:8      | Gained mutation: You are somewhat resistant to further
                  | mutation. [potion of mutation]
  6856 | D:8      | Lost mutation: You are somewhat resistant to further
                  | mutation. [potion of mutation]
  6856 | D:8      | Gained mutation: Your mind is acute. (Int +2) [potion of
                  | mutation]
  6856 | D:8      | Lost mutation: Your mind is acute. (Int +2) [potion of
                  | mutation]
  6856 | D:8      | Gained mutation: You are partially covered in iridescent
                  | scales. (AC +2) [potion of mutation]
  6881 | D:8      | Found a snail-covered altar of Cheibriados.
  7108 | D:8      | Noticed Psyche
  7117 | D:8      | HP: 2/80 [river rat (7)]
  7369 | D:8      | Reached *** piety under Hepliaklqana
  7463 | D:8      | Killed Psyche
  7464 | D:8      | Reached skill level 10 in Maces & Flails
  7464 | D:8      | Reached XP level 10. HP: 88/88 MP: 9/9
  7807 | D:6      | Killed Fractals's ghost
  8141 | D:9      | Noticed Grum
  8146 | D:9      | Killed Grum
  8155 | D:9      | Found a shimmering blue altar of Sif Muna.
  8618 | D:9      | Found a shimmering altar of Xom.
  8683 | D:9      | Found a glowing golden altar of the Shining One.
  8701 | D:9      | Reached skill level 11 in Maces & Flails
  8926 | D:10     | Entered Level 10 of the Dungeon
  9046 | D:10     | Killed from afar by an electric eel

Illustrated notes

Levels and vault maps discovered:
D:1:      evilmike_arrival_hilbert_curve, layout_loops_ring,
          shapermc_ecumenical_altar_pompeii
D:2:      layout_basic, basic_altar, uniq_terence
D:3:      layout_basic, amethyst_killhole, uniq_grinder
D:4:      layout_basic, bh_walls_and_bars
D:5:      layout_rooms, chequers_temple_overflow_statue_of_worship,
          uniq_crazy_yiuf_cottage, uniq_duvessa
D:6:      layout_rooms, okawaru_gym_becter, kennysheep_mini_moat,
          minmay_temple_entry_overgrown, gammafunk_ghost_hive, grunt_tough_drop
D:7:      layout_loops_cross
D:8:      lemuel_ratsnest, layout_loops_ring, cheibrodos_worm_habitat,
          jmf_multi_god_temple2, gammafunk_ghost_hydra_chop, serial_shops,
          nicolae_shop_behind_doors, uniq_psyche
D:9:      layout_basic, lemuel_crystal_altar, led_xom_imps,
          kennysheep_little_box, grunt_ministairs_8, chequers_decorated_corner,
          roderic_batcave, hex_medium, uniq_grum
D:10:     layout_loops_cross, erik_lair_island, nicolae_zen_rock_garden
Temple:   compressed_dpeg_circular_temple

Skill      XL: |  1  2  3  4  5  6  7  8  9 10 |
---------------+-------------------------------+-----
Maces & Flails | 3 4 5 6 7 10 11 | 11.3
Fighting       | 3 4 5 6 |  6.8
Dodging        | 3 4 5 6 |  6.5
Throwing       | 1 |  1.0
Stealth        | 2 3 |  3.4
Polearms       | |  0.5

Action                   |  1- 3 |  4- 6 |  7- 9 | 10-12 || total
-------------------------+-------+-------+-------+-------++-------
Melee: Mace              |    94 |   122 |    65 |       ||   281
       Punch             |     2 |     2 |     3 |       ||     7
       Demon trident     |    14 |       |       |       ||    14
       Giant spiked club |       |       |   240 |    92 ||   332
Throw: Stone             |       |    10 |       |       ||    10
Invok: Ancestor Life: Ba |       |       |     1 |       ||     1
  Use: Scroll            |       |     5 |     9 |     1 ||    15
       Potion            |       |       |     3 |       ||     3
 Stab: Sleeping          |     3 |     2 |     2 |     3 ||    10
       Distracted        |       |       |     4 |     3 ||     7
Armor: Robe              |    34 |    41 |    20 |       ||    95
       Steam dragon scal |       |       |   108 |    49 ||   157
Dodge: Dodged            |    76 |    76 |   232 |    89 ||   473
